AoeStats
← Omicronio

Lombardia

509966650Analyzed
3v3 RM · 3d ago on Sep 28, 2026· 27m 6s· 6 players
Game mode
Random Map
Map size
Normal (6 player)
Population
200
Speed
Normal
Resources
Standard
Victory
Conquest
Starting age
Dark Age
Ending age
Imperial Age
RankedLock teamsTeams togetherTeam positionsShared explorationLock speedFull tech treeHidden civsTurbo modeCheats
Victory
Defeat
🇪🇸 Saxons · Spain
1290
+12
🇪🇸 Italians · Spain
1284
+13
🇪🇸 Persians · Spain
1274
+13
🇪🇸 Turks · Spain
1253
-14
🇺🇸 Vietnamese · United States
1194
-12
🇨🇱 Mongols · Chile
1185
-12
CampaCar
9:45 Loom
11:32 Feudal Age
13:33 Double-Bit Axe
16:03 Castle Age
21:41 Imperial Age
20:50 Horse Collar
22:48 Scale Barding Armor
22:53 Forging
26:53 Bloodlines
ElMismisimo
8:53 Feudal Age
9:50 Loom
14:04 Double-Bit Axe
17:00 Forging
ggggidea
9:47 Loom
11:37 Feudal Age
12:42 Double-Bit Axe
13:35 Wheelbarrow
13:19 Horse Collar
18:19 Castle Age
16:56 Fletching
19:25 Hand Cart
19:22 Bow Saw
19:10 Pikeman
21:04 Squires
23:06 Stone Mining
24:01 Gold Mining
24:54 Heavy Plow
26:40 Stone Shaft Mining
26:23 Scale Mail Armor
Omicronio
5:19 Loom
10:30 Feudal Age
12:17 Double-Bit Axe
13:55 Horse Collar
17:50 Castle Age
15:48 Gold Mining
19:02 Bow Saw
18:53 Heavy Plow
19:12 Loom
20:04 Wheelbarrow
19:51 Stone Mining
26:17 Fletching
27:08 Bodkin Arrow
PsychoDog
9:41 Feudal Age
10:44 Loom
14:41 Castle Age
13:05 Double-Bit Axe
13:42 Horse Collar
18:20 Bow Saw
24:44 Husbandry
24:52 Scale Barding Armor
25:24 Forging
26:32 Fletching
Kashmir
10:13 Loom
11:58 Feudal Age
15:59 Castle Age
13:49 Double-Bit Axe
13:46 Horse Collar
18:00 Bow Saw
25:02 Wheelbarrow
Connection lost

Rejoining the realm…

Still unreachable

The connection could not be restored.

Session expired

The server has moved on; the page needs a fresh start.